Unix NetHack Version 5.0.0-0 post-release - last build Jun 10 2026 00:39:30 (3ee93aec679c4c4259841fe613dc97188e26a321,branch:main).

Game began 2026-06-12 18:46:24, ended 2026-06-13 06:08:06.

KraJa, lawful female dwarven Valkyrie

                            -------     -------
                            |*/.?.|--   |..|.>|
                            |%-)..+.|   |.....|
                          --|([[..|-|   |.--.---
                          |)(@[![.-.|  --.|0.0.----
                          |d|/+...|-| --..|......)|
                          |`|.....-+| |...|---..[.|
                          |.|.....|-- |...|..|....|
                          |O|------   |.%[|.....%.|
                          |Y|        --......|.[..--
                          |.|        |....|..|.....|
                          |.|        |....|--|.....|
                          |.|        |...--  --.|0.|
                          |.|        -----    |.----
                          |.-------------------..|
                          |.........%.........^..|
                          ------------------------

KraJa the Woman-at-arms     St:18/03 Dx:13 Co:17 In:9 Wi:9 Ch:9  Lawful
Dlvl:6  $:62 HP:0(92) Pw:16(16) AC:-10 Xp:10/6443 T:12022  Hallu

Latest messages:
 The scorpion misses!
 In what direction?
 You throw 3 daggers named @.
 The 1st dagger named @ hits the scorpion!
 The 2nd dagger named @ hits the scorpion!
 You kill the scorpion!
 The 3rd dagger named @ hits the long worm!
 You hit the hobgoblin with the cockatrice corpse.
 The hobgoblin is slowing down.
 The hobgoblin turns to stone.
 You see the cave spider hide under a statue.
 The barrow wight throws a knife!
 The knife misses it.
 A knife misses you.
 The Grey-elf swings her elven broadsword.
 The Grey-elf misses!
 You hit the long worm with the cockatrice corpse.
 The long worm is slowing down.
 The long worm turns to stone.
 It misses!
 The Grey-elf swings her elven broadsword.
 The Grey-elf misses!
 U - 5 uncursed +0 daggers named @ (at the ready) (6 in total).
 It strikes at your displaced image and misses you!
 The Grey-elf swings her elven broadsword.
 The Grey-elf hits!
 You feel an unseen monster!
 The Grey-elf swings her elven broadsword.
 The Grey-elf misses!
 A pit viper was hidden under 11 rocks!
 The pit viper bites!
 The pit viper bites again!
 The plains centaur picks up 59 gold pieces.
 It explodes!
 You are caught in a blast of kaleidoscopic light!
 You are freaked out.
 The red naga strikes at your displaced image and misses you!
 You hit the ki-rin with the cockatrice corpse.
 The baby yellow dragon is slowing down.
 The kobold shaman turns to stone.
 The hippocampus bites!
 The kitten prospecting robot bites again!
 What do you want to zap? [hsJKS or ?*]
 In what direction?
 You dig a hole through the floor.
 You fall through...
 One of the adjacent objects falls through the hole.
 Falling, you touch the cockatrice corpse.
 You turn to stone...
 Do you want your possessions identified? [ynq] (y)

Inventory:
 Coins    ('$')
  $ - 62 gold pieces
 Amulets  ('"')
  T - an uncursed amulet of reflection named @ (being worn)
 Weapons  (')')
  U - 6 uncursed +0 daggers named @ (at the ready)
  D - a blessed +1 elven dagger named @
  a - an uncursed +0 elven dagger named @
  Y - an uncursed +1 orcish dagger named @
  b - 2 uncursed +0 orcish daggers named @
 Armor    ('[')
  H - a blessed +3 dwarvish iron helm named @ (being worn)
  G - an uncursed +0 pair of leather gloves named @ (being worn)
  B - a blessed +2 pair of iron shoes named @ (being worn)
  X - a blessed rusty +2 Uruk-hai shield named @ (being worn)
  C - a blessed +1 cloak of displacement named @ (being worn)
  A - an uncursed +0 dwarvish mithril-coat named @ (being worn)
 Comestibles  ('%')
  f - an uncursed C-ration
  u - an uncursed clove of garlic
  Q - 2 uncursed lembas wafers
  c - an uncursed melon
  P - an uncursed tripe ration
  I - 2 uncursed tins of soup made from rock piercer meat
  L - an uncursed cockatrice corpse (wielded)
  F - an uncursed lichen corpse
  M - an uncursed lizard corpse
 Wands    ('/')
  h - an uncursed wand of digging named @ (0:2)
  K - a blessed wand of magic missile named @ (0:5)
  s - an uncursed wand of sleep named @ (0:1)
  J - an uncursed wand of stasis (0:4)
  S - an uncursed wand of striking named @ (0:2)
 Tools    ('(')
  i - an uncursed oilskin sack named TPS@0 containing 9 items
  t - an uncursed blindfold named @
  l - a blessed magic lamp named @ (lit)
  E - an uncursed oil lamp
  p - an uncursed +0 pick-axe named @
 Gems/Stones  ('*')
  j - 2 uncursed worthless pieces of blue glass

Contents of the oilskin sack named TPS@0:
  an uncursed +0 mummy wrapping named @
  3 uncursed food rations
  3 uncursed fortune cookies
  2 uncursed pancakes
  an uncursed lichen corpse
  a blessed +1 ring of adornment
  an uncursed ring of invisibility named @
  an uncursed aquamarine stone
  an uncursed worthless piece of green glass

KraJa the Valkyrie's attributes:

Background:
 You were a Woman-at-arms, a level 10 dwarven Valkyrie.
 You were lawful, on a mission for Tyr
 who was opposed by Odin (neutral) and Loki (chaotic).
 You were right-handed.
 You were in Sokoban, on level 6.
 You entered the dungeon 12022 turns ago.
 You had 6443 experience points, 3557 more were needed to attain level 11.

Basics:
 You had 0 out of 92 hit points.
 You had all 16 energy points (spell power).
 Your armor class was -10.
 Your wallet contained 62 sporebucks.
 Autopickup was on for all types, with exceptions.

Final Characteristics:
 Your strength was 18/03 (limit:18/100).
 Your dexterity was 13 (limit:20).
 Your constitution was 17 (limit:20).
 Your intelligence was 9 (limit:16).
 Your wisdom was 9 (limit:16).
 Your charisma was 9 (limit:16).

Final Status:
 You were hallucinating.
 You weren't hungry.
 You were unencumbered.
 You were wielding a corpse.

Final Attributes:
 You were piously aligned.
 You were cold resistant.
 You were sleep resistant.
 You were poison resistant.
 You were telepathic.
 You had infravision.
 You were displaced.
 You were stealthy.
 You were guarded.
 Your spell casting was impaired by metallic armor.
 You were fast.
 You had reflection.
 You are dead.

Miscellaneous:
 You didn't encounter any bones levels.
 Total elapsed playing time was 2 hours, 13 minutes and 46 seconds.

Major events:
 Turn
    1: KraJa the lawful dwarven Valkyrie entered the dungeon
  836: attained the rank of Skirmisher (level 3)
 1656: entered the Gnomish Mines
 4154: attained the rank of Fighter (level 6)
 5747: reached Mine Town
 9420: entered Sokoban
 9663: completed 1st Sokoban level
10058: completed 2nd Sokoban level
10279: completed 3rd Sokoban level
11160: was bestowed with Mjollnir by Tyr
11774: attained the rank of Woman-at-arms (level 10)
11944: completed 4th Sokoban level
12022: petrified by a cockatrice corpse

Spells:
 Name                 Level Category     Fail Retention
 restore ability        4   healing      100%  76%-100%

Skills:
 Fighting Skills
   bare handed combat [Unskilled]
   two weapon combat  [Unskilled]
   riding             [Unskilled]
 Weapon Skills
   dagger             [Expert]
   axe                [Unskilled]
   pick-axe           [Unskilled]
   short sword        [Unskilled]
   broadsword         [Unskilled]
   long sword         [Unskilled]
   two-handed sword   [Unskilled]
   saber              [Unskilled]
   hammer             [Unskilled]
   quarterstaff       [Unskilled]
   polearms           [Unskilled]
   spear              [Basic]
   trident            [Unskilled]
   lance              [Unskilled]
   sling              [Unskilled]
 Spellcasting Skills
   attack spells      [Unskilled]
   escape spells      [Unskilled]

Voluntary challenges:
 Character rerolling was not enabled.
 You never genocided any monsters.
 You never polymorphed an object.
 You never changed form.
 You used no wishes.
 You violated the special Sokoban rules twice.
Achievements:
 You attained the rank of Skirmisher.
 You entered a shop.
 You entered the Gnomish Mines.
 You attained the rank of Fighter.
 You entered Minetown.
 You entered a temple.
 You entered Sokoban.
 You attained the rank of Woman-at-arms.

 The Dungeons of Doom: levels 1 to 9
    Level 1:
       A fountain.
    Level 2: "S"
       A fountain.
    Level 3: "S"
       A general store, an altar to Tyr, a fountain.
    Level 4:
       A general store.
       Stairs down to The Gnomish Mines.
    Level 5:
    Level 6:
    Level 7:
    Level 8:
       Many fountains.
    Level 9:
       Stairs up to Sokoban, level 8.
 The Gnomish Mines: levels 5 to 8
    Level 5:
    Level 6:
    Level 7:
    Level 8:
       Some shops, a temple and an altar, some fountains.
 Sokoban: levels 8 up to 5
    Level 5:
       Solved.
    Level 6: <- You were here.
       Solved.
       Final resting place for
          you, petrified by a cockatrice corpse.
    Level 7:
       Solved.
    Level 8:
       Solved.


Vanquished creatures:
  a long worm
  a stalker
  a winter wolf
 an ogre leader
  a gelatinous cube
  3 large dogs
 an energy vortex
  a human mummy
  a pit viper
  a wraith
  a carnivorous ape
  2 ettin zombies
  a Grey-elf
  a soldier
  a giant beetle
  a cockatrice
  a winter wolf cub
  a lynx
  4 leprechauns
 an orc-captain
  2 iron piercers
  2 giant spiders
  2 scorpions
 an ice vortex
  2 black lights
  3 vampire bats
  6 ogres
  a rust monster
 an owlbear
  2 yetis
  a gold golem
  a lizard
  4 chickatrices
  a housecat
  a jaguar
  a blue jelly
  a gray unicorn
  a black unicorn
  a dust vortex
  2 ravens
  4 plains centaurs
  a gnome mummy
  9 human zombies
 10 Woodland-elves
  a fire ant
  2 imps
  a quasit
  2 wood nymphs
  2 mountain nymphs
  2 Mordor orcs
  3 Uruk-hai
  3 rock piercers
  3 rock moles
  a pony
  2 fog clouds
  7 yellow lights
  3 shriekers
  a violet fungus
  6 gnome leaders
  a gnomish wizard
  a guardian naga hatchling
  a gray ooze
  2 elf zombies
  a paper golem
 16 giant ants
  a little dog
  3 floating eyes
  2 kittens
  8 dwarves
  5 homunculi
 22 hill orcs
  6 rothes
  a rabid rat
  4 centipedes
  3 giant bats
  6 monkeys
  2 dwarf zombies
  a wererat
  a werejackal
  5 iguanas
  4 acid blobs
  5 coyotes
  a gas spore
  2 hobbits
  2 large kobolds
  3 hobgoblins
  7 giant rats
  6 cave spiders
  3 yellow molds
  2 red molds
 25 gnomes
  5 garter snakes
 11 geckos
 10 jackals
  3 foxes
  2 kobolds
  2 goblins
  4 sewer rats
 12 grid bugs
  7 lichens
  2 kobold zombies
 16 newts
351 creatures vanquished.

No species were genocided or became extinct.

Game over:
                       ----------
                      /          \
                     /    REST    \
                    /      IN      \
                   /     PEACE      \
                  /                  \
                  |      KraJa       |
                  |      62 Au       |
                  |  petrified by a  |
                  |    cockatrice    |
                  |      corpse      |
                  |                  |
                  |       2026       |
                 *|     *  *  *      | *
        _________)/\\_//(\/(/\)/\//\/|_)_______

Farvel KraJa the Valkyrie...

You turned to stone in Sokoban on dungeon level 6 with 22600 points,
and 62 pieces of gold, after 12022 moves.
You were level 10 with a maximum of 92 hit points when you turned to stone.

